[Event "Early-Titled-Tuesday-Blitz-February-06-2024"]
[Site "Chess.com"]
[Date "2024.02.06"]
[Round "11"]
[White "edgarhay012"]
[Black "BardArtem"]
[Result "1-0"]
[WhiteElo "2579"]
[BlackElo "2760"]
[TimeControl "180+1"]
[EndTime "10:03:52 PST"]
[Termination "edgarhay012 won by checkmate"]

1. e4 c5 2. Nc3 a6 3. Nf3 d6 4. g3 Nc6 5. Bg2 g6 6. d4 cxd4 7. Nxd4 Bg7 8. Be3 Nf6 9. Nxc6 bxc6 10. e5 Nd5 11. Nxd5 cxd5 12. exd6 Qxd6 13. Qxd5 Qxd5 14.
Bxd5 Rb8 15. Rd1 O-O 16. b3 Bg4 17. f3 Bf5 18. c4 e6 19. Be4 Bxe4 20. fxe4 f5 21.
Ke2 fxe4 22. Rd7 a5 23. Ra7 Rbd8 24. c5 Rd3 25. Rd1 Rc3 26. Rxg7+ Kxg7 27. Bd4+ Kh6 28.
Bxc3 e5 29. Bxe5 e3 30. Bf4+ Kh5 31. Rd5+ Kg4 32. Rd7 g5 33. Bxe3 h5 34. Rd5 Kh3 35. Rxg5 h4 36. gxh4 Kxh2 37. c6 Kh1 38. c7 Rf4 39.
Bxf4 a4 40. c8=Q axb3 41. Qh3# 1-0

[Event "Early-Titled-Tuesday-Blitz-February-06-2024"]
[Site "Chess.com"]
[Date "2024.02.06"]
[Round "11"]
[White "cukricek"]
[Black "Arystanner"]
[Result "0-1"]
[WhiteElo "2378"]
[BlackElo "2852"]
[TimeControl "180+1"]
[EndTime "10:04:02 PST"]
[Termination "Arystanner won on time"]

1. g3 d6 2. Bg2 c6 3. Nf3 Bg4 4. O-O Qc8 5. d4 h5 6. e4 h4 7. Nbd2 hxg3 8. fxg3 Nd7 9. c3 Ngf6 10. Qc2 e5 11. Nc4 Qc7 12. Ne3 Be6 13. Ng5 O-O-O 14. d5 cxd5 15. exd5 Bg4 16. Nxf7 Be7 17. Nxd8 Qxd8 18.
Qa4 Be2 19. Re1 Ba6 20. Nf5 Bf8 21. Be3 Ng4 22. Bxa7 Qg5 23. Ne3 Nxh2 24. Qc2 Qxg3 25. Qf2 Qg5 26. b4 Bd3 27. Rad1 e4 28. Nf5 Nf3+ 0-1

[Event "Early-Titled-Tuesday-Blitz-February-06-2024"]
[Site "Chess.com"]
[Date "2024.02.06"]
[Round "11"]
[White "FGHSMN"]
[Black "RobertoJBM"]
[Result "1-0"]
[WhiteElo "2947"]
[BlackElo "2809"]
[TimeControl "180+1"]
[EndTime "10:04:14 PST"]
[Termination "FGHSMN won by checkmate"]

1. d4 d5 2. Bf4 e6 3. e3 Bd6 4. Nf3 Bxf4 5. exf4 Qd6 6. Qd2 Nf6 7. c3 b6 8. Bd3 O-O 9. O-O c5 10. g3 Ba6 11. Bxa6 Nxa6 12. Qd3 Nb8 13. Nbd2 Nc6 14. Rfe1 Rac8 15. Rad1 Rc7 16. h4 cxd4 17. Nxd4 Nxd4 18. Qxd4 Qc5 19. Qd3 b5 20. a3 a5 21. Nb3 Qb6 22.
Nd4 b4 23. cxb4 axb4 24. f5 exf5 25. Nxf5 bxa3 26. Qxa3 Ne4 27. Rxe4 dxe4 28. Qxf8+ Kxf8 29. Rd8# 1-0

[Event "Early-Titled-Tuesday-Blitz-February-06-2024"]
[Site "Chess.com"]
[Date "2024.02.06"]
[Round "11"]
[White "LangesNasenhaar"]
[Black "Laico"]
[Result "1-0"]
[WhiteElo "2517"]
[BlackElo "2379"]
[TimeControl "180+1"]
[EndTime "10:04:14 PST"]
[Termination "LangesNasenhaar won by resignation"]

1. d4 e6 2. Nf3 f5 3. d5 Bd6 4. dxe6 dxe6 5. e4 fxe4 6. Ng5 Nf6 7. Nc3 O-O 8. Ngxe4 Nxe4 9. Nxe4 Qh4 10. Bd3 Bb4+ 11. c3 Be7 12. Qc2 Nc6 13. g3 Qh3 14. Bf4 e5 15.
Bg5 Bg4 16. Bxe7 Nxe7 17. Ng5 Qg2 18. Bc4+ Rf7 19. Bxf7+ Kf8 20. Rf1 h6 21. Be6 hxg5 22. Bxg4 Qe4+ 23. Qxe4 1-0

[Event "Early-Titled-Tuesday-Blitz-February-06-2024"]
[Site "Chess.com"]
[Date "2024.02.06"]
[Round "11"]
[White "Arteler"]
[Black "SmirnovTimofey2000"]
[Result "1-0"]
[WhiteElo "2496"]
[BlackElo "1967"]
[TimeControl "180+1"]
[EndTime "10:04:15 PST"]
[Termination "Arteler won by resignation"]

1. Nf3 d5 2. d4 Nf6 3. c4 c6 4.
cxd5 cxd5 5. Nc3 Nc6 6. h3 a6 7. Bf4 e6 8. a3 Bd6 9. Bxd6 Qxd6 10. e3 O-O 11. Bd3 b5 12. O-O Na5 13. b4 Nc4 14. Nd2 Nd7 15. Bxc4 bxc4 16. Na4 Nb6 17. Nc5 Bd7 18. Nf3 a5 19. Ne5 axb4 20. axb4 Ba4 21. Nxa4 Qxb4 22. Nxb6 Qxb6 23. Nd7 Qd8 24. Nxf8 Qxf8 25.
Rxa8 Qxa8 1-0

[Event "Early-Titled-Tuesday-Blitz-February-06-2024"]
[Site "Chess.com"]
[Date "2024.02.06"]
[Round "11"]
[White "Viktor_Poddubnyi"]
[Black "Schattman"]
[Result "1/2-1/2"]
[WhiteElo "2271"]
[BlackElo "2387"]
[TimeControl "180+1"]
[EndTime "10:04:16 PST"]
[Termination "Game drawn by repetition"]

1. e4 e6 2. d4 d5 3. Nd2 dxe4 4.
Nxe4 Nd7 5. Nf3 Ngf6 6. Bd3 c5 7. Nxf6+ Nxf6 8. dxc5 Bxc5 9. O-O O-O 10. Qe2 b6 11. a4 Bb7 12. a5 Qc7 13. a6 Bc6 14. Ne5 Rad8 15. Nxc6 Qxc6 16. Bg5 Be7 17. Rfd1 Qc5 18.
Bh4 Qb4 19. Bxf6 Bxf6 20. c3 Qc5 21. g3 Qc7 22. Be4 g6 23. Rxd8 Rxd8 24. Rd1 Rxd1+ 25. Qxd1 Kg7 26. Bb7 h5 27. h4 Qd8 28. Qxd8 Bxd8 29.
Kf1 Kf6 30. Ke2 Ke5 31. Bc6 Kd6 32. Be8 Ke7 33. Bc6 Kd6 34. Be8 Ke7 35. Bc6 Kd6 1/2-1/2

[Event "Early-Titled-Tuesday-Blitz-February-06-2024"]
[Site "Chess.com"]
[Date "2024.02.06"]
[Round "11"]
[White "VitaliyChayka"]
[Black "Arlo2024"]
[Result "1-0"]
[WhiteElo "2416"]
[BlackElo "2301"]
[TimeControl "180+1"]
[EndTime "10:04:18 PST"]
[Termination "VitaliyChayka won by resignation"]

1. d4 Nf6 2. Bf4 c5 3. e3 cxd4 4.
exd4 Qb6 5. Na3 d5 6. Nb5 Na6 7.
c3 Bd7 8. a4 e6 9. Bd3 Be7 10.
Nf3 Nh5 11. Be3 Nf6 12. O-O Nc7 13. a5 Qc6 14. Ne5 Qxb5 15. Bxb5 Bxb5 16. Bg5 Bxf1 17. Qxf1 a6 18. f4 h6 19. Bh4 Bd6 20. f5 O-O 21. Bxf6 gxf6 22. Nd7 Rfd8 23. Nxf6+ Kh8 24. Qc1 Bf8 25. Qf4 Bg7 26. Qxc7 Bxf6 27. Qxf7 Rf8 28. Qxe6 Rae8 29. Qxd5 Bg5 30. Qxb7 Rxf5 31. Qxa6 Ref8 32.
Qd3 Rf2 33. a6 Rd2 34. Qe4 Rff2 35. a7 Be3 36. a8=Q+ Rf8+ 37. Qxe3 Rxa8 38. Rxa8+ 1-0

[Event "Early-Titled-Tuesday-Blitz-February-06-2024"]
[Site "Chess.com"]
[Date "2024.02.06"]
[Round "11"]
[White "ilushka"]
[Black "Kunalm64"]
[Result "1-0"]
[WhiteElo "2443"]
[BlackElo "2536"]
[TimeControl "180+1"]
[EndTime "10:04:25 PST"]
[Termination "ilushka won by checkmate"]

1. Nf3 Nf6 2. g3 d5 3. Bg2 c6 4. c4 Bg4 5. d4 e6 6. h3 Bxf3 7. Bxf3 Nbd7 8. Nd2 Bd6 9. O-O h5 10. h4 Qe7 11. e4 dxe4 12. Nxe4 Nxe4 13. Bxe4 Nf6 14.
Bf3 O-O-O 15. Qa4 Kb8 16. Be3 a6 17. b4 e5 18. d5 e4 19. Be2 cxd5 20. c5 Be5 21. c6 d4 22. cxb7 dxe3 23. Bxa6 exf2+ 24. Rxf2 Bxa1 25. Rc2 Qe5 26. Kg2 e3 27. Be2 Rd2 28.
Qa8# 1-0

[Event "Early-Titled-Tuesday-Blitz-February-06-2024"]
[Site "Chess.com"]
[Date "2024.02.06"]
[Round "11"]
[White "Karttunen"]
[Black "Rawnsdale"]
[Result "0-1"]
[WhiteElo "2653"]
[BlackElo "2515"]
[TimeControl "180+1"]
[EndTime "10:04:30 PST"]
[Termination "Rawnsdale won by resignation"]

1. e4 c6 2. d4 d5 3. e5 c5 4. Nf3 Nc6 5. dxc5 Bg4 6. Bb5 e6 7. b4 a5 8. Bxc6+ bxc6 9. c3 Qb8 10. Qd4 Bxf3 11. gxf3 Ne7 12. f4 Nf5 13. Qd2 g5 14. Kd1 gxf4 15. Re1 f3 16. a3 Rg8 17. Qd3 Rg2 18.
Qxf3 Rxh2 19. Bf4 Rh4 20. Nd2 h5 21. Rb1 Qc7 22. Bg3 Rg4 23. Bf4 Nh4 24. Rh1 Nxf3 0-1

[Event "Early-Titled-Tuesday-Blitz-February-06-2024"]
[Site "Chess.com"]
[Date "2024.02.06"]
[Round "11"]
[White "simonachess"]
[Black "InitiatingASC"]
[Result "0-1"]
[WhiteElo "2317"]
[BlackElo "2425"]
[TimeControl "180+1"]
[EndTime "10:04:30 PST"]
[Termination "InitiatingASC won on time"]

1. d4 Nf6 2. c4 e6 3. Nc3 d5 4.
Bf4 c5 5. e3 cxd4 6. exd4 dxc4 7. Bxc4 a6 8. Nf3 Be7 9. O-O O-O 10. Qe2 b5 11. Bb3 Bb7 12. Rfd1 Nd5 13. Bg3 Bf6 14. Rac1 Nd7 15. Nxd5 Bxd5 16. Bxd5 exd5 17. Rc7 Re8 18. Qd2 Nf8 19. Rdc1 Ne6 20. R7c6 Qd7 21. Be5 Be7 22. Qc2 Bg5 23. Rd1 Bh6 24. g3 Rec8 25. Rxc8+ Rxc8 26. Qb3 f6 27. Bf4 Bxf4 28. gxf4 Nxf4 0-1

[Event "Early-Titled-Tuesday-Blitz-February-06-2024"]
[Site "Chess.com"]
[Date "2024.02.06"]
[Round "11"]
[White "lluiss"]
[Black "pfalcon1949"]
[Result "0-1"]
[WhiteElo "2132"]
[BlackElo "1971"]
[TimeControl "180+1"]
[EndTime "10:04:30 PST"]
[Termination "pfalcon1949 won by resignation"]

1. e4 e6 2. d4 d5 3. e5 c5 4. Nf3 Nc6 5. dxc5 Bxc5 6. Bd3 Qc7 7. Qe2 Nb4 8. O-O Nxd3 9. cxd3 Ne7 10. d4 Bb6 11. Bg5 Ng6 12. Rc1 Qd7 13. Nc3 h6 14. Be3 a6 15. b3 O-O 16. Na4 Bd8 17. Nc5 Qb5 18. Qc2 Be7 19. a4 Qe8 20. a5 Rb8 21.
Na4 Bd7 22. Nb6 Bc6 23. Qd2 Kh7 24. Rc2 Nh4 25. Nxh4 Bxh4 26. Rac1 Bd8 27. Qb4 Bc7 28. Rd1 f5 29. Bc1 f4 30. f3 Qg6 31.
Ba3 Qxc2 0-1

[Event "Early-Titled-Tuesday-Blitz-February-06-2024"]
[Site "Chess.com"]
[Date "2024.02.06"]
[Round "11"]
[White "manitodeplomo"]
[Black "JonasEilenberg"]
[Result "1/2-1/2"]
[WhiteElo "2598"]
[BlackElo "2533"]
[TimeControl "180+1"]
[EndTime "10:04:39 PST"]
[Termination "Game drawn by repetition"]

1. d4 d5 2. c4 e6 3. Nf3 c6 4. Bg5 Be7 5. Bxe7 Qxe7 6. e3 Nf6 7. Nc3 O-O 8. Qc2 Nbd7 9. O-O-O a6 10. Kb1 b5 11.
cxd5 cxd5 12. Bd3 Bb7 13. Ne5 Rfc8 14. Qd2 Nb6 15. b3 b4 16. Ne2 a5 17. Rc1 a4 18.
Rxc8+ Rxc8 19. Rc1 axb3 20. Rxc8+ Nxc8 21. axb3 Nd7 22. Qc2 Nxe5 23. dxe5 g6 24. Nd4 Nb6 25. f4 Kg7 26. g3 h5 27. Nb5 Ba6 28. Nd6 Bxd3 29. Qxd3 Qa7 30. Qd4 Qa6 31. Qxb4 Qf1+ 32. Kb2 Qe2+ 33. Kb1 Qf1+ 34. Ka2 Qe2+ 35. Kb1 Qd1+ 36.
Kb2 Qe2+ 37. Kb1 1/2-1/2

[Event "Early-Titled-Tuesday-Blitz-February-06-2024"]
[Site "Chess.com"]
[Date "2024.02.06"]
[Round "11"]
[White "ChristopherYoo"]
[Black "LyonBeast"]
[Result "1-0"]
[WhiteElo "3011"]
[BlackElo "3158"]
[TimeControl "180+1"]
[EndTime "10:04:46 PST"]
[Termination "ChristopherYoo won by resignation"]

1. e4 c5 2. Nf3 d6 3. d4 cxd4 4. Nxd4 Nf6 5. Nc3 a6 6. Bg5 Nbd7 7. f4 h6 8. Bh4 e5 9. Nf5 Qc7 10. Qd2 exf4 11. O-O-O g5 12. Bf2 Ne5 13. Nxd6+ Bxd6 14. Qxd6 Qxd6 15. Rxd6 Nfd7 16. Nd5 O-O 17. Rxh6 f6 18.
Ne7+ Kf7 19. Rh7+ Ke6 20. Nd5 Kd6 21. Be2 b5 22. Rd1 Kc6 23. Ne7+ Kc7 24. Be1 a5 25. Bxb5 Kb6 26. a4 1-0

[Event "Early-Titled-Tuesday-Blitz-February-06-2024"]
[Site "Chess.com"]
[Date "2024.02.06"]
[Round "11"]
[White "eightbyeightchess"]
[Black "SnekkerAndersen"]
[Result "0-1"]
[WhiteElo "2398"]
[BlackElo "2647"]
[TimeControl "180+1"]
[EndTime "10:04:48 PST"]
[Termination "SnekkerAndersen won on time"]

1. e4 h5 2. d4 a5 3. Nf3 h4 4.
Bc4 h3 5. gxh3 e6 6. d5 e5 7. Nxe5 Qh4 8. Qf3 Nf6 9. d6 Bxd6 10. Bxf7+ Kd8 11. Ng6 Qh5 12. Qe3 Rf8 13. Nxf8 Qxf7 14. e5 Nd5 15. Qd4 Bxf8 16. Bg5+ Be7 17. Bxe7+ Nxe7 18. Nc3 Nbc6 19. Qe3 b5 20. b3 Bb7 21.
Ne4 Nxe5 22. O-O-O Qf3 0-1

[Event "Early-Titled-Tuesday-Blitz-February-06-2024"]
[Site "Chess.com"]
[Date "2024.02.06"]
[Round "11"]
[White "Chemim21"]
[Black "KorolDimitriy75"]
[Result "0-1"]
[WhiteElo "2241"]
[BlackElo "2374"]
[TimeControl "180+1"]
[EndTime "10:05:01 PST"]
[Termination "KorolDimitriy75 won on time"]

1. d4 Nf6 2. c4 c5 3. Nf3 cxd4 4. Nxd4 Nc6 5. Nc3 g6 6. e4 Bg7 7. Nxc6 bxc6 8. e5 Ng8 9. f4 f6 10. exf6 Nxf6 11. Bd3 O-O 12. O-O d5 13. cxd5 cxd5 14. f5 gxf5 15. Bxf5 Bxf5 16. Rxf5 e6 17. Rf3 Qb6+ 18.
Kh1 Ng4 19. Qe1 Nf2+ 20. Kg1 Nd3+ 21. Be3 Qxb2 0-1

[Event "Early-Titled-Tuesday-Blitz-February-06-2024"]
[Site "Chess.com"]
[Date "2024.02.06"]
[Round "11"]
[White "Let_it_be_1"]
[Black "Flaccidmoves"]
[Result "1-0"]
[WhiteElo "2593"]
[BlackElo "2460"]
[TimeControl "180+1"]
[EndTime "10:05:04 PST"]
[Termination "Let_it_be_1 won by resignation"]

1. e4 e5 2. Nf3 Nc6 3. Bb5 a6 4.
Ba4 Nf6 5. d4 exd4 6. O-O Nxe4 7. Re1 d5 8. Nxd4 Bc5 9. Bxc6+ bxc6 10. f3 Qh4 11. g3 Qf6 12. c3 O-O 13. fxe4 dxe4 14.
Be3 Bh3 15. Qh5 Bxd4 16. Bxd4 Qf5 17. Qxf5 Bxf5 18. Nd2 Rfe8 19. Nc4 Be6 20. Ne3 f5 21. Rf1 g6 22. b3 Rf8 23. Be5 Rf7 24. h4 Rd8 25. Rad1 Rdd7 26. Rxd7 Rxd7 27. Rd1 Rxd1+ 28. Nxd1 h6 29. Bxc7 g5 30. hxg5 hxg5 31. Kf2 Kf7 32. Ke3 Kg6 33. Kd4 Kh5 34. Ne3 f4 35. gxf4 1-0

[Event "Early-Titled-Tuesday-Blitz-February-06-2024"]
[Site "Chess.com"]
[Date "2024.02.06"]
[Round "11"]
[White "Vazabanga"]
[Black "Som2310"]
[Result "0-1"]
[WhiteElo "2628"]
[BlackElo "2797"]
[TimeControl "180+1"]
[EndTime "10:05:06 PST"]
[Termination "Som2310 won by resignation"]

1. d4 Nf6 2. c4 g6 3. g3 Bg7 4. Bg2 d5 5. cxd5 Nxd5 6. e4 Nb6 7. Ne2 Bg4 8. Nbc3 O-O 9. h3 Be6 10. O-O Qc8 11. Kh2 Rd8 12. b3 Bxd4 13. Nxd4 c5 14.
Nce2 cxd4 15. Bb2 d3 16. Nf4 Nc6 17. Rc1 Qd7 18. Qd2 Qd6 19. Rfd1 Ne5 20. Qc3 f6 21. Nxe6 Qxe6 22. f4 Rac8 23. Qd2 Nc6 24. f5 gxf5 25. exf5 Qxf5 26. Re1 e5 27. Be4 Qg5 28. Re3 Nb4 29. Rxc8 Nxc8 30. Bxd3 Nxd3 31. h4 Qf5 32. Bc3 Qf2+ 33.
Qxf2 Nxf2 0-1

[Event "Early-Titled-Tuesday-Blitz-February-06-2024"]
[Site "Chess.com"]
[Date "2024.02.06"]
[Round "11"]
[White "the_chess_child"]
[Black "DeArron_Fox"]
[Result "1-0"]
[WhiteElo "2844"]
[BlackElo "2503"]
[TimeControl "180+1"]
[EndTime "10:05:15 PST"]
[Termination "the_chess_child won by resignation"]

1. e4 c5 2. Nf3 e6 3. d3 Nc6 4. g3 d5 5. Qe2 Nf6 6. Bg2 Be7 7. O-O O-O 8. e5 Nd7 9. c4 Re8 10. h4 a6 11. Bf4 b5 12. Nc3 Nd4 13. Nxd4 cxd4 14. cxd5 Bb7 15. dxe6 Bxg2 16. exd7 Qxd7 17.
Kxg2 dxc3 18. bxc3 Qc6+ 19. Qf3 Qxc3 20. Rac1 Qa3 21. Rc7 Rac8 22. Rfc1 Rxc7 23. Rxc7 Bf8 24. e6 Rxe6 25. Bc1 Qd6 26. Qxf7+ Kh8 27. Bf4 Qa3 28.
Qxe6 1-0

[Event "Early-Titled-Tuesday-Blitz-February-06-2024"]
[Site "Chess.com"]
[Date "2024.02.06"]
[Round "11"]
[White "Predo63"]
[Black "AccioChess"]
[Result "0-1"]
[WhiteElo "2507"]
[BlackElo "2422"]
[TimeControl "180+1"]
[EndTime "10:05:16 PST"]
[Termination "AccioChess won by resignation"]

1. d4 Nf6 2. Bg5 g6 3. Bxf6 exf6 4. e3 d5 5. Nd2 c6 6. g3 Bd6 7. Bg2 h5 8. h4 Bg4 9. Bf3 Bf5 10.
a3 Nd7 11. c4 dxc4 12. Nxc4 Bc7 13. Ne2 O-O 14. Nf4 Nb6 15. Rc1 Nxc4 16. Rxc4 Bxf4 17. gxf4 Bg4 18. Bxg4 Qd5 19. Rg1 Qxc4 20. Bxh5 Kg7 21. Be2 Qe6 22. h5 Rh8 23. hxg6 fxg6 24. Qc2 Rh6 25. f5 Qd5 26. Rxg6+ Rxg6 27. fxg6 Rh8 28. Bc4 Qf3 29. Qe2 Rh1+ 30. Kd2 Qf5 31. Bd3 Qa5+ 32.
Kc2 Qa4+ 33. Kc3 c5 34. dxc5 Qa5+ 35. Kd4 Qd8+ 36. Kc3 Rc1+ 37. Bc2 Qa5+ 38. b4 Qxa3+ 39. Kd2 Rg1 40. Qc4 Qc1+ 41. Ke2 Qf1+ 42. Kf3 Qxc4 43.
Be4 Qf1 44. Bxb7 Qg2+ 45. Kf4 Qxb7 46. f3 Qxb4+ 47. e4 Qxc5 0-1

[Event "Early-Titled-Tuesday-Blitz-February-06-2024"]
[Site "Chess.com"]
[Date "2024.02.06"]
[Round "11"]
[White "Bauman_Guy"]
[Black "Makswolf200817"]
[Result "1-0"]
[WhiteElo "2876"]
[BlackElo "2731"]
[TimeControl "180+1"]
[EndTime "10:05:18 PST"]
[Termination "Bauman_Guy won on time"]

1. e4 e6 2. d4 d5 3. Nc3 Bb4 4. e5 c5 5. a3 Bxc3+ 6. bxc3 Qa5 7. Bd2 Qa4 8. Qb1 c4 9. h4 Nc6 10. h5 h6 11. g3 Nge7 12. Bh3 Bd7 13. Ne2 O-O-O 14.
Nf4 Rdf8 15. O-O Nd8 16. Kh2 g5 17. Ng2 f5 18. exf6 Rxf6 19. Ne3 Rff8 20. Ng4 Be8 21. Ne5 Bxh5 22. Qb4 Qxb4 23. axb4 a6 24. b5 axb5 25. Bc1 b4 26. cxb4 Be8 27. b5 Bxb5 28.
Ba3 Rh7 29. Bd6 Ba6 30. Rfb1 Nf7 31. Rxa6 Nxd6 32. Ra8+ Kc7 33. Rxf8 Ne4 34. Bxe6 Nxf2 35. Rxf2 1-0

[Event "Early-Titled-Tuesday-Blitz-February-06-2024"]
[Site "Chess.com"]
[Date "2024.02.06"]
[Round "11"]
[White "Bodnar_Mykola"]
[Black "TregubovP"]
[Result "1/2-1/2"]
[WhiteElo "2524"]
[BlackElo "2680"]
[TimeControl "180+1"]
[EndTime "10:05:22 PST"]
[Termination "Game drawn by repetition"]

1. e4 c5 2. Nf3 e6 3. d4 cxd4 4. Nxd4 Nf6 5. Nc3 Nc6 6. Ndb5 Bb4 7. a3 Bxc3+ 8. Nxc3 d5 9. exd5 exd5 10. Bd3 O-O 11. O-O d4 12. Ne4 Bf5 13. Bg5 Bxe4 14. Bxe4 h6 15. Bxc6 bxc6 16. Bxf6 Qxf6 17. Qd3 c5 18. b3 a5 19. a4 Rab8 20. Rfe1 Rb4 21. Re4 Rc8 22.
Rae1 g6 23. h3 Kg7 24. g3 Rd8 25. h4 c4 26. bxc4 Rxa4 27. Re5 Rc8 28. c5 Rb4 29. h5 gxh5 30. Rf5 Qg6 31. Re7 Rb1+ 32. Kh2 Rf8 33. Qxd4+ Kg8 34. Rf6 Qg4 35. Qd5 Rd1 36. Rexf7 Rxd5 37. Rxf8+ Kg7 38. R8f7+ Kg8 39. Rf8+ Kg7 40.
R8f7+ Kg8 41. Rf8+ 1/2-1/2

[Event "Early-Titled-Tuesday-Blitz-February-06-2024"]
[Site "Chess.com"]
[Date "2024.02.06"]
[Round "11"]
[White "BeardedNM"]
[Black "emeli_chess"]
[Result "1-0"]
[WhiteElo "2231"]
[BlackElo "2384"]
[TimeControl "180+1"]
[EndTime "10:05:22 PST"]
[Termination "BeardedNM won on time"]

1. e4 c5 2. Nf3 d6 3. d4 cxd4 4. Nxd4 Nf6 5. Nc3 a6 6. Be3 e5 7. Nb3 Be6 8. f3 Be7 9. Qd2 O-O 10. O-O-O b5 11. g4 Nbd7 12. Rg1 Nb6 13. Na5 Qc7 14. g5 Nh5 15. Nd5 Nxd5 16. exd5 Bxd5 17. Qxd5 Qxa5 18. Bd3 Rac8 19. g6 hxg6 20. Rxg6 Bf6 21. Rdg1 Qc7 22. Rh6 e4 23. Rh8+ 1-0

[Event "Early-Titled-Tuesday-Blitz-February-06-2024"]
[Site "Chess.com"]
[Date "2024.02.06"]
[Round "11"]
[White "Herman-NY"]
[Black "GianmarcoVaR"]
[Result "0-1"]
[WhiteElo "2539"]
[BlackElo "2688"]
[TimeControl "180+1"]
[EndTime "10:05:23 PST"]
[Termination "GianmarcoVaR won by resignation"]

1. e4 c5 2. Nf3 d6 3. d4 cxd4 4. Nxd4 Nf6 5. Nc3 a6 6. Bc4 e6 7.
a3 Nxe4 8. Nxe4 d5 9. Qh5 dxc4 10.
Ng5 g6 11. Qf3 f6 12. Ngxe6 Bxe6 13. Nxe6 Qe7 14. Qe2 Kf7 15. Nf4 Qxe2+ 16. Kxe2 Nc6 17. Rd1 Rd8 18. Be3 Bd6 19. Nd5 Rhe8 20. Kf1 Be5 21.
c3 Rd7 22. Nb6 Rxd1+ 23. Rxd1 Na5 24. Rd5 Nb3 25. Rd7+ Re7 26. Rxb7 Rxb7 0-1

[Event "Early-Titled-Tuesday-Blitz-February-06-2024"]
[Site "Chess.com"]
[Date "2024.02.06"]
[Round "11"]
[White "flomarechot"]
[Black "EvgenyBurmakin"]
[Result "0-1"]
[WhiteElo "2296"]
[BlackElo "2423"]
[TimeControl "180+1"]
[EndTime "10:05:23 PST"]
[Termination "EvgenyBurmakin won by resignation"]

1. Nf3 Nf6 2. b3 g6 3. Bb2 Bg7 4. e3 d6 5. d4 O-O 6. Be2 Ne4 7.
O-O c5 8. Nbd2 Nxd2 9. Qxd2 Nc6 10. c4 cxd4 11. Nxd4 Nxd4 12. Bxd4 Bxd4 13. Qxd4 Be6 14. Bf3 Qc7 15. Rac1 Rac8 16. Qxa7 Ra8 17. Qd4 Rxa2 18.
Ra1 Rfa8 19. Rxa2 Rxa2 20. h3 Ra3 21. Ra1 Qa5 22. Rxa3 Qxa3 23. Qb6 Qc1+ 24. Kh2 Qc2 25. e4 Kg7 26. g3 Qc3 27. Bg2 Qb2 28. Bf3 Bxc4 29. Kg2 Qxb3 30. Qc7 Qd3 31. Kh2 Qxf3 32. Qxc4 Qxf2+ 33. Kh1 Qxg3 34. Qc3+ Qxc3 0-1

[Event "Early-Titled-Tuesday-Blitz-February-06-2024"]
[Site "Chess.com"]
[Date "2024.02.06"]
[Round "11"]
[White "Mistango"]
[Black "only_strong_moves"]
[Result "1-0"]
[WhiteElo "2509"]
[BlackElo "2654"]
[TimeControl "180+1"]
[EndTime "10:05:24 PST"]
[Termination "Mistango won by checkmate"]

1. e4 e5 2. d4 exd4 3. Nf3 Nc6 4.
Nxd4 Nf6 5. Nxc6 bxc6 6. Nc3 Bb4 7. Bd3 d5 8. e5 Nd7 9. O-O Nf8 10. f4 Ng6 11.
Na4 O-O 12. a3 Be7 13. b4 f6 14. Bb2 f5 15. Qh5 a5 16. Nc5 Rb8 17. Bc3 Kh8 18. Rf3 d4 19. Bd2 Qd5 20. Rh3 Nh4 21. Rxh4 Bxh4 22.
Qxh4 Rg8 23. Rf1 axb4 24. axb4 Ra8 25. Qh5 Ra2 26. Qe2 Qd8 27. Bc4 d3 28. cxd3 Qd4+ 29.
Qe3 Qb2 30. Bxa2 Qxa2 31. e6 Re8 32. Bc3 Bxe6 33. Re1 Kg8 34. Qe5 Bf7 35. Qxg7# 1-0

[Event "Early-Titled-Tuesday-Blitz-February-06-2024"]
[Site "Chess.com"]
[Date "2024.02.06"]
[Round "11"]
[White "Nasrin_Babayeva"]
[Black "RianKapriaga"]
[Result "0-1"]
[WhiteElo "1948"]
[BlackElo "2278"]
[TimeControl "180+1"]
[EndTime "10:05:25 PST"]
[Termination "RianKapriaga won by resignation"]

1. e4 d6 2. Nf3 g6 3. d3 Bg7 4.
c3 Nc6 5. Nbd2 e5 6. Be2 f5 7. O-O Nf6 8. d4 O-O 9. Bc4+ Kh8 10. exf5 gxf5 11. dxe5 dxe5 12. Ng5 Qe8 13. Ndf3 h6 14. Nf7+ Rxf7 15. Bxf7 Qxf7 16. Re1 e4 17. Nd4 Nxd4 18. Qxd4 Be6 19. Bf4 Rg8 20. Qxa7 Nd5 21. Bd2 c6 22. c4 Nf6 23. b3 f4 24. Bxf4 Nh5 25. Be3 Nf4 26. Bd4 Nxg2 27. Rxe4 Qg6 28. Bxg7+ Rxg7 29. Qb8+ Kh7 30. Rxe6 Qxe6 0-1

[Event "Early-Titled-Tuesday-Blitz-February-06-2024"]
[Site "Chess.com"]
[Date "2024.02.06"]
[Round "11"]
[White "AlexeiShirov"]
[Black "Timerkhanov"]
[Result "1-0"]
[WhiteElo "2793"]
[BlackElo "2657"]
[TimeControl "180+1"]
[EndTime "10:05:26 PST"]
[Termination "AlexeiShirov won on time"]

1. e4 c5 2. Nf3 a6 3. c3 d5 4.
exd5 Nf6 5. d4 cxd4 6. Qxd4 Qxd5 7. Qxd5 Nxd5 8. Bc4 Nf6 9. Be3 b5 10. Bb3 Bb7 11. a4 e6 12. O-O Nbd7 13. axb5 axb5 14. Rxa8+ Bxa8 15. Nd4 b4 16. c4 Bc5 17. Nd2 O-O 18.
Ba4 Ne5 19. Bb5 Rd8 20. N2b3 Be7 21. h3 Nd3 22. Rb1 Ne4 23. Nc6 Bxc6 24. Bxc6 Nec5 25. Nxc5 Nxc5 26. Ra1 Nb3 27. Ra7 Bf6 28. Ba4 Nd2 29. c5 Nc4 30. c6 Nxe3 31. c7 Rf8 32. fxe3 Bg5 33. Kf2 1-0

[Event "Early-Titled-Tuesday-Blitz-February-06-2024"]
[Site "Chess.com"]
[Date "2024.02.06"]
[Round "11"]
[White "Sadykov_Ramil"]
[Black "koncheto"]
[Result "1-0"]
[WhiteElo "2605"]
[BlackElo "2523"]
[TimeControl "180+1"]
[EndTime "10:05:26 PST"]
[Termination "Sadykov_Ramil won by checkmate"]

1. d4 Nf6 2. Nc3 d5 3. Bf4 a6 4. e3 Bf5 5. Nf3 e6 6. Ne5 h6 7.
g4 Bh7 8. Bd3 Bxd3 9. Nxd3 Nbd7 10. Qf3 Bd6 11. O-O-O Rc8 12. h4 Qe7 13. g5 Ng8 14. e4 dxe4 15. Nxe4 h5 16. Rhe1 Nb6 17.
d5 Nxd5 18. c4 Nxf4 19. Nxf4 Bxf4+ 20. Qxf4 Qb4 21. g6 f6 22. Nxf6+ gxf6 23. Rxe6+ Kf8 24. Rxf6+ Kg7 25. Rf7+ Kxg6 26. Rg1# 1-0

[Event "Early-Titled-Tuesday-Blitz-February-06-2024"]
[Site "Chess.com"]
[Date "2024.02.06"]
[Round "11"]
[White "Lady_Nika"]
[Black "viniciusrego"]
[Result "1-0"]
[WhiteElo "2593"]
[BlackElo "2465"]
[TimeControl "180+1"]
[EndTime "10:05:27 PST"]
[Termination "Lady_Nika won by checkmate"]

1. e4 c5 2. Nc3 d6 3. g3 g6 4. Bg2 Bg7 5. d3 Nc6 6. f4 e6 7. Nf3 Nge7 8. O-O O-O 9. Rb1 Rb8 10. Ne2 d5 11. Be3 b6 12. e5 h5 13. h3 d4 14.
Bf2 Bb7 15. g4 Nb4 16. gxh5 Nbd5 17. Ng5 Nf5 18. hxg6 Nde3 19. Bxe3 Nxe3 20. Qe1 Nxg2 21. Qg3 fxg6 22. Nxe6 Qe8 23. Nxf8 Bxf8 24. f5 Ne3 25. Rf2 Qc6 26. Kh2 Bh6 27. Rg1 Kh8 28. e6 Rg8 29. Qh4 Qd6+ 30. Nf4 Kh7 31. fxg6+ Kg7 32. Rg3 Bxf4 33.
Qh7+ Kf6 34. Qf7+ Ke5 35. Qxf4+ Kd5 36. Qe4# 1-0